 Dungeon Crawl Stone Soup version 0.28-a0-385-g79de503ca0 (webtiles) character file.

Game seed: 17329611550797950497

15120 McIrco the Fighter (level 11, 0/162 HPs)
             Began as a Minotaur Fighter on Sept 3, 2021.
             Was an Initiate of Gozag.
             Slain by a skeletal warrior (19 damage)
             ... led by a skeletal warrior
             ... on level 11 of the Dungeon.
             The game lasted 00:19:14 (9387 turns).

McIrco the Fighter (Minotaur Fighter)               Turns: 9387, Time: 00:19:14

Health: 0/162      AC: 21    Str: 25    XL:     11   Next: 97%
Magic:  10/10      EV:  7    Int:  5    God:    Gozag
Gold:   834        SH: 11    Dex:  9    Spells: 10/10 levels left

rFire   . . .      SeeInvis +   a - +0 war axe
rCold   . . .      Faith    .   D - +0 kite shield
rNeg    . . .      Spirit   .   E - +0 plate armour
rPois   .          Reflect  .   o - +2 hat
rElec   .          Harm     .   w - +2 cloak {rCorr}
rCorr   +          Rampage  .   (no gloves)
Will    .....                   (no boots)
Stlth   ..........              q - amulet of regeneration
HPRegen 1.37/turn               i - ring of see invisible
MPRegen 0.12/turn               (no ring)

@: berserking, very quick
A: horns 2, retaliatory headbutt
a: Renounce Religion, Potion Petition, Call Merchant, Bribe Branch


You were on level 11 of the Dungeon.
You worshipped Gozag.
Gozag was pleased with you.
You visited 3 branches of the dungeon, and saw 14 of its levels.

You collected 1699 gold pieces.
You paid 865 gold pieces to Gozag.

Inventory:

Hand Weapons
 a - a +0 war axe (weapon)
Missiles
 f - 26 boomerangs
 y - 3 silver boomerangs
Armour
 b - a +0 scale mail
 c - a +0 buckler
 k - a +2 buckler
 o - a +2 hat (worn)
 w - a +2 cloak of preservation (worn)
 A - +0 swamp dragon scales
 D - a +0 kite shield (worn)
 E - a +0 plate armour (worn)
Jewellery
 i - a ring of see invisible (left hand)
 q - an amulet of regeneration (around neck)
Wands
 j - a wand of polymorph (6)
 C - a wand of charming (6)
 F - a wand of acid (5)
 J - a wand of flame (3) (quivered)
Scrolls
 e - 6 scrolls of identify
 n - 2 scrolls of magic mapping
 p - a scroll of amnesia
 r - 3 scrolls of teleportation
 B - a scroll of enchant weapon
 G - a scroll of blinking {unknown}
 H - a scroll of enchant armour
Potions
 d - 2 potions of mutation
 h - a potion of experience
 l - 2 potions of haste
 m - 2 potions of curing
 s - 2 potions of cancellation
 t - 4 potions of brilliance
 u - 3 potions of might
 v - a potion of lignification
 x - a potion of heal wounds
 I - a potion of resistance {unknown}


   Skills:
 + Level 13.6 Fighting
 - Level 2.4 Axes
 + Level 13.6 Armour
 + Level 13.2 Shields


You had 10 spell levels left.
You didn't know any spells.
Your spell library contained the following spells:

 Spells                   Type           Power      Damage    Failure   Level
 Blink                    Tloc           N/A        N/A       100%        2
 Slow                     Hex            0%         N/A       100%        2
 Sublimation of Blood     Necr           0%         N/A       100%        2
 Confusing Touch          Hex            0%         N/A       100%        3
 Stone Arrow              Conj/Erth      0%         3d7       100%        3
 Summon Guardian Golem    Hex/Summ       0%         N/A       100%        3
 Animate Armour           Summ/Erth      0%         N/A       100%        4
 Petrify                  Tmut/Erth      0%         N/A       100%        4
 Irradiate                Conj/Tmut      0%         3d13      100%        5
 Manifold Assault         Tloc           0%         N/A       100%        5
 Summon Forest            Summ/Tloc      0%         N/A       100%        5
 Yara's Violent Unravell  Hex/Tmut       0%         3d3       100%        5
 Eringya's Noxious Bog    Tmut/Pois      0%         N/A       100%        6
 Orb of Destruction       Conj           0%         N/A       100%        7
 Spellforged Servitor     Conj/Summ      0%         N/A       100%        7
 Storm Form               Tmut/Air       0%         N/A       100%        7
 Summon Hydra             Summ           0%         N/A       100%        7
 Lehudib's Crystal Spear  Conj/Erth      0%         10d2      100%        8


Dungeon Overview and Level Annotations

Branches:
Dungeon (12/15)            Temple (1/1) D:5            Lair (1/6) D:11
    Orc (0/2) D:9

Altars:
Ashenzari
Cheibriados
Dithmenos
Elyvilon
Fedhas
Gozag
Hepliaklqana
Kikubaaqudgha
Makhleb
Nemelex Xobeh
Okawaru
Qazlal
Ru
Sif Muna
Trog
Uskayaw
Vehumet
Wu Jian
Xom
Yredelemnul
Zin
The Shining One

Shops:
D:1 =   D:11 (


Innate Abilities, Weirdness & Mutations

You have a pair of horns on your head.
You reflexively headbutt those who attack you in melee.


Message History

The skeletal warrior is severely damaged.
The skeletal warrior hits you with a +0 glaive!! x2
Your shield and plate armour prevent you from hitting the skeletal warrior.
The skeletal warrior is severely damaged.
The skeletal warrior hits you with a +0 glaive.
You barely miss the skeletal warrior.
Your headbutt misses the skeletal warrior.
The skeletal warrior is severely damaged.
The skeletal warrior hits you with a +0 glaive!
You slash the skeletal warrior!
The skeletal warrior is almost destroyed.
The skeletal warrior hits you with a +0 glaive.
You block the skeletal warrior's attack.
You closely miss the skeletal warrior.
The skeletal warrior is almost destroyed.
The skeletal warrior hits you with a +0 glaive!!
* * * LOW HITPOINT WARNING * * *
You barely miss the skeletal warrior.
The skeletal warrior is almost destroyed.
The skeletal warrior hits you with a +0 glaive!
* * * LOW HITPOINT WARNING * * *
The skeletal warrior barely misses you. You furiously retaliate!
You headbutt the skeletal warrior!
A red film seems to cover your vision as you go berserk!
You feel yourself moving faster!
You feel mighty!
The skeletal warrior hits you with a +0 glaive!
* * * LOW HITPOINT WARNING * * *
You closely miss the skeletal warrior.
Your headbutt misses the skeletal warrior.
The skeletal warrior is almost destroyed.
You block the skeletal warrior's attack.
You closely miss the skeletal warrior.
You headbutt the skeletal warrior, but do no damage.
The skeletal warrior is almost destroyed.
The skeletal warrior hits you but does no damage.
You closely miss the skeletal warrior.
The skeletal warrior is almost destroyed.
The skeletal warrior hits you with a +0 glaive!!
You die...
Your body crumbles into a pile of gold.

.......................).# #
.........................########
.................................
.................................
.................................
.............(...####...#########
.................# #...#########
.................# #............
......(........∩@# #............
................z####...)).......
........................)<.......
.................................
.................................
.................................
.)....................)..........
.................................
.................................


You could see a skeletal warrior.

Vanquished Creatures
  A centaur warrior (D:11)
  A two-headed ogre (D:11)
  2 skeletal warriors
  A deep elf pyromancer (D:12)
  A manticore (D:11)
  A black mamba (Lair:1)
  An unseen horror (D:12)
  A rime drake (D:11)
  Maggie (D:9)
  A komodo dragon (D:10)
  A polar bear (Lair:1)
  A troll (D:10)
  A hornet (D:9)
  4 shadows
  A human (D:6)
  A vampire mosquito (D:7)
  23 yaks
  A steam dragon (D:8)
  An acid dragon (D:10)
  5 water moccasins
  2 ice beasts
  A hornet zombie (D:7)
  A swamp drake (D:9)
  5 orc warriors
  2 black bears
  2 necrophages
  7 centaurs
  4 ogres
  4 phantoms
  2 kobold brigands
  3 bullfrogs
  3 scorpions
  6 killer bees (D:10)
  11 wights
  2 howler monkeys (D:7)
  A centaur skeleton (D:7)
  7 hounds
  A jelly (D:5)
  7 orc priests
  Crazy Yiuf (D:5)
  2 bullfrog skeletons
  3 iguanas
  8 orc wizards
  2 killer bee zombies (D:7)
  A howler monkey zombie (D:6)
  9 adders
  4 gnolls (D:7)
  A howler monkey skeleton (D:7)
  A shadow imp (D:6)
  2 white imps
  2 ufetubi (D:7)
  An adder zombie (D:5)
  3 adder skeletons
  2 worms (D:3)
  3 dart slugs
  33 orcs
  4 bats
  A bat skeleton (D:2)
  4 endoplasms
  3 giant cockroaches
  9 goblins
  7 hobgoblins
  18 kobolds
  2 quokkas
  6 ball pythons
  3 frilled lizards (D:3)
  A giant cockroach zombie (D:2)
  A quokka skeleton (D:4)
  3 rats
261 creatures vanquished.

Vanquished Creatures (collateral kills)
  A necrophage (D:8)
  A centaur (D:8)
2 creatures vanquished.

Vanquished Creatures (others)
  A plant (Lair:1)
  3 withered plants (D:2)
4 creatures vanquished.

Grand Total: 267 creatures vanquished

Notes
Turn   | Place    | Note
-------+----------+-------------------------------------------
     0 | D:1      | McIrco the Minotaur Fighter began the quest for the Orb.
     0 | D:1      | Reached XP level 1. HP: 19/19 MP: 0/0
   139 | D:1      | Found a faded altar of an unknown god.
   168 | D:1      | Found Vegaaf's Jewellery Emporium.
   406 | D:1      | Reached XP level 2. HP: 27/27 MP: 1/1
   780 | D:2      | Reached XP level 3. HP: 31/33 MP: 2/2
   962 | D:2      | Reached XP level 4. HP: 30/41 MP: 3/3
  1478 | D:3      | Reached skill level 5 in Armour
  1654 | D:3      | Found a shimmering altar of Xom.
  2349 | D:4      | Reached XP level 5. HP: 47/47 MP: 4/4
  2453 | D:4      | Reached skill level 5 in Fighting
  2474 | D:4      | Noticed an ogre
  2504 | D:3      | Killed an ogre
  2505 | D:3      | Reached XP level 6. HP: 53/57 MP: 5/5
  2520 | D:4      | Reached skill level 5 in Shields
  2944 | D:5      | Entered Level 5 of the Dungeon
  2989 | D:5      | Reached XP level 7. HP: 43/64 MP: 6/6
  3087 | D:5      | Found a staircase to the Ecumenical Temple.
  3102 | Temple   | Entered the Ecumenical Temple
  3441 | D:5      | Found a runed translucent door.
  3442 | D:5      | Noticed Crazy Yiuf
  3464 | D:5      | Identified the +5 scale mail of the Shrike {*Corrode rF-
                  | rN+ Int+5}
  3707 | D:5      | Killed Crazy Yiuf
  3708 | D:5      | Reached XP level 8. HP: 36/74 MP: 7/7
  4278 | D:6      | Found a runed translucent door.
  4430 | D:6      | Found a basalt altar of Yredelemnul.
  4564 | D:6      | Reached XP level 9. HP: 72/83 MP: 8/8
  4629 | D:7      | Reached skill level 10 in Armour
  5158 | D:7      | Reached skill level 10 in Fighting
  5653 | D:8      | Reached XP level 10. HP: 94/94 MP: 9/9
  5844 | D:8      | Noticed an angel
  5845 | D:8      | Found a glowing silver altar of Zin.
  5915 | D:8      | Found a sparkling altar of Nemelex Xobeh.
  5916 | D:8      | Found an opulent altar of Gozag.
  6022 | D:8      | Became a worshipper of Gozag Ym Sagoz the Greedy
  6101 | D:9      | Reached skill level 10 in Shields
  6451 | D:9      | Noticed Maggie
  6463 | D:9      | Killed Maggie
  6598 | D:9      | Paralysed by a hornet for 2 turns
  6602 | D:9      | Paralysed by a hornet for 2 turns
  6619 | D:10     | Entered Level 10 of the Dungeon
  6770 | D:9      | Reached XP level 11. HP: 73/105 MP: 10/10
  6845 | D:9      | Found a staircase to the Orcish Mines.
  7689 | D:10     | Found an ornate altar of the Wu Jian Council.
  8000 | D:11     | Noticed a two-headed ogre
  8012 | D:11     | Killed a two-headed ogre
  8293 | D:11     | Noticed a centaur warrior
  8314 | D:11     | Killed a centaur warrior
  8461 | D:11     | Found a staircase to the Lair.
  8816 | Lair:1   | Entered Level 1 of the Lair of Beasts
  9135 | D:12     | Noticed a deep elf pyromancer
  9213 | D:12     | Killed a deep elf pyromancer
  9240 | D:12     | Noticed a skeletal warrior
  9242 | D:12     | Noticed a skeletal warrior
  9246 | D:12     | Noticed a skeletal warrior
  9259 | D:12     | Noticed a skeletal warrior
  9273 | D:12     | Killed a skeletal warrior
  9303 | D:11     | Killed a skeletal warrior
  9387 | D:11     | Slain by a skeletal warrior

Illustrated notes

Levels and vault maps discovered:
D:1:      dpeg_arrival_solitude, layout_basic,
          hellmonk_ecumenical_altar_zigzags, serial_shops,
          nicolae_shop_window_shopping
D:2:      layout_loops_cross, serial_undead, serial_undead_b, serial_undead_c,
          serial_undead_c, serial_undead_c, minmay_goblin_outpost
D:3:      minmay_inner_zag, layout_basic, lemuel_doored_altar, hex_medium,
          minivault_23, kennysheep_generic_room_8
D:4:      layout_rooms
D:5:      layout_cave_pools, minmay_temple_entry_offerings,
          uniq_crazy_yiuf_cottage
D:6:      layout_basic, dk_yredelemnul_ordeal, hellmonk_bongcloud_opening
D:7:      minmay_clustersquares, layout_cave_pools,
          amcnicky_mini_rare_corridor_liquid, chequers_decorated_corner,
          serial_bayou_pond_d
D:8:      layout_cave_pools, grunt_temple_overflow_opulence, zin_angel
D:9:      layout_long_grid, erik_orc_1, uniq_maggie
D:10:     layout_irregular_city, mainiacjoe_overflow_surrounded_room
D:11:     layout_small_grid, lair_entry_dummy
D:12:     layout_rooms, lemuel_blue_sif_altar
Temple:   eino_temple_scatter_basement
Lair:1:   layout_regular_city, basic_altar

Skill      XL: |  1  2  3  4  5  6  7  8  9 10 11 |
---------------+----------------------------------+-----
Armour         | 4 5 6 7 8 9 11 12 13 | 13.6
Fighting       | 4 5 6 7 9 10 12 13 | 13.6
Shields        | 4 5 6 7 9 11 13 | 13.2
Axes           | |  2.4

Action                   |  1- 3 |  4- 6 |  7- 9 | 10-12 || total
-------------------------+-------+-------+-------+-------++-------
Melee: War axe           |    52 |   143 |   290 |   506 ||   991
       Headbutt          |     7 |    20 |    58 |   123 ||   208
Invok: Call Merchant     |       |       |       |     1 ||     1
Evoke: Wand              |       |       |       |    17 ||    17
  Use: Potion            |       |     4 |     1 |     5 ||    10
       Scroll            |       |     2 |    14 |     2 ||    18
 Stab: Distracted        |       |       |       |     2 ||     2
Armor: Scale mail        |    24 |    77 |   184 |    60 ||   345
       Swamp dragon scal |       |       |       |    52 ||    52
       Plate armour      |       |       |       |   286 ||   286
Dodge: Dodged            |    17 |    63 |   168 |   227 ||   475
Block: Buckler           |    10 |    44 |   138 |    92 ||   284
       Kite shield       |       |       |       |   268 ||   268

Table legend: (Time is in decaauts)
 A = Elapsed time spent in this place.
 B = Non-inter-level travel time spent in this place.
 C = Inter-level travel time spent in this place.
 D = Time resting spent in this place.
 E = Time spent auto-exploring this place.
 F = Levels seen in this place.
 G = Mean time per level.
                   A        B        C        D        E       F      G
               +--------+--------+--------+--------+--------+-----+--------+
         Total |   9805 |   9269 |    536 |    617 |   6126 |  14 |  700.4 |
       Dungeon |   9388 |   8900 |    488 |    531 |   5948 |  12 |  782.3 |
        Temple |    156 |    137 |     19 |      0 |    123 |   1 |  156.0 |
          Lair |    260 |    231 |     29 |     86 |     55 |   1 |  260.0 |
               +--------+--------+--------+--------+--------+-----+--------+

Top non-repeatable levels by time:
     D:9: 1352 daAuts
     D:7: 986 daAuts
     D:3: 981 daAuts
    D:10: 929 daAuts
    D:11: 885 daAuts
     D:6: 830 daAuts
     D:2: 741 daAuts
     D:1: 670 daAuts
     D:5: 669 daAuts
     D:4: 644 daAuts
     D:8: 564 daAuts
  Lair:1: 260 daAuts
  Temple: 156 daAuts
    D:12: 134 daAuts
